 Dungeon Crawl Stone Soup version 0.22-a0-525-gf69a080 (webtiles) character file.

73548 Amnesiac the Gelid (level 15, -1/108 HPs)
             Began as a Barachi Ice Elementalist on June 21, 2018.
             Was a High Priest of Sif Muna.
             Succumbed to a green very ugly thing's poison
             ... on level 1 of the Depths.
             The game lasted 01:03:42 (24780 turns).

Amnesiac the Gelid (Barachi Ice Elementalist)      Turns: 24780, Time: 01:03:42

Health: -1/108     AC: 13    Str: 10    XL:     15   Next: 43%
Magic:  1/34       EV: 18    Int: 28    God:    Sif Muna [*****.]
Gold:   1088       SH:  7    Dex: 14    Spells: 21/44 levels left

rFire    . . .     SeeInvis .   a - +5 hunting sling (flame)
rCold    + . .     Gourm    .   T - +2 buckler
rNeg     . . .     Faith    .   K - +2 robe {rF+}
rPois    .         Spirit   .   L - +2 helmet {Int+3}
rElec    .         Reflect  .   l - +2 cloak
rCorr    .         Harm     +   u - +0 pair of gloves
MR       +....                  h - +1 pair of boots
Stlth    ++........             x - amulet of harm
HPRegen  0.28/turn              f - +5 ring of intelligence
MPRegen  0.24/turn              v - ring of ice

@: lethally poisoned (-1 -> -74), no potions, divine energy, slow
A: +LOS, swims, slowness 1, strong legs 2
a: Hop, Stop Divine Energy, Channel Magic, Forget Spell, Renounce Religion


You were on level 1 of the Depths.
You worshipped Sif Muna.
Sif Muna was extremely pleased with you.
You were not hungry.

You visited 4 branches of the dungeon, and saw 19 of its levels.
You also visited: Sewer and Ossuary.

You collected 1695 gold pieces.
You spent 607 gold pieces at shops.

Inventory:

Hand Weapons
 a - a +5 hunting sling of flaming (weapon)
 g - the +0 dagger of Beogh's Hatred {drain, rPois rC+ Str+3 Int-3}
   (You found it on level 13 of the Dungeon)

   A truly terrible weapon, it drains the life of those it strikes.
   It affects your strength (+3).
   It affects your intelligence (-3).
   It protects you from cold.
   It protects you from poison.
Missiles
 i - 329 stones (quivered)
 k - 101 sling bullets
 G - 13 throwing nets
Armour
 h - a +1 pair of boots (worn)
 l - a +2 cloak (worn)
 u - a +0 pair of gloves (worn)
 K - a +2 robe of fire resistance (worn)
 L - a +2 helmet of intelligence (worn)
 O - the +3 leather armour "Gacoew" {Str+4 SInv}
   (You found it on level 12 of the Dungeon)

   It affects your strength (+4).
   It lets you see invisible.
 S - a +0 shield of positive energy
 T - a +2 buckler (worn)
Jewellery
 f - a +5 ring of intelligence (left hand)
 v - a ring of ice (right hand)
 x - an amulet of harm (around neck)
 F - an uncursed ring of flight
 H - an uncursed ring of protection from cold
 M - an uncursed ring of protection from cold
 P - an uncursed ring of see invisible
Wands
 m - a wand of random effects (14)
 t - a wand of iceblast (6)
 w - a wand of flame (97)
 y - a wand of scattershot (8)
 I - a wand of paralysis (2)
 J - a wand of digging (15)
Scrolls
 b - a scroll of fog {!r}
 o - 3 scrolls of enchant weapon {!r}
 q - 5 scrolls of amnesia {!r}
 s - 4 scrolls of enchant armour {!r}
 z - 8 scrolls of teleportation {!r}
 A - 6 scrolls of identify {!r}
 B - a scroll of blinking {!r}
 E - 4 scrolls of magic mapping {!r}
Potions
 d - 3 potions of agility {!q}
 e - 3 potions of might {!q}
 j - 13 potions of curing {!q}
 n - 6 potions of heal wounds {!q}
 p - 2 potions of berserk rage {!q}
 r - 4 potions of lignification {!q}
 C - 2 potions of mutation {!q}
 D - a potion of flight {!q, unknown}
 N - a potion of brilliance {!q}
 R - a potion of cancellation {!q, unknown}
Comestibles
 c - 26 rations


   Skills:
 - Level 7.3 Fighting
 - Level 10.0 Dodging
 - Level 1.7 Stealth
 - Level 5.0 Shields
 - Level 15.0 Spellcasting
 + Level 8.7 Conjurations
 - Level 17.5 Ice Magic
 - Level 8.0 Invocations


You had 21 spell levels left.
You knew the following spells:

 Your Spells              Type           Power        Failure   Level  Hunger
a - Throw Icicle          Conj/Ice       #######.     1%          4    None
b - Ozocubu's Armour      Chrm/Ice       #######.     1%          3    None
c - Summon Ice Beast      Ice/Summ       #######.     1%          4    None
d - Ozocubu's Refrigerat  Ice            ########..   1%          6    ####...
e - Freeze                Ice            ####         0%          1    None
f - Ensorcelled Hibernat  Hex/Ice        ######       1%          2    None
g - Apportation           Tloc           ###...       2%          1    None
v - Blink                 Tloc           N/A          3%          2    None

Your spell library contained the following spells:

 Spells                   Type           Power        Failure   Level  Hunger
 Magic Dart               Conj           ####         1%          1    None
 Conjure Flame            Conj/Fire      #####...     1%          3    None
 Slow                     Hex            ###.....     3%          2    None
 Confuse                  Hex            ###.....     7%          3    None
 Throw Frost              Conj/Ice       ######       0%          2    None
 Freezing Cloud           Conj/Ice/Air   #######...   10%         6    ####...
 Mephitic Cloud           Conj/Pois/Air  #####...     2%          3    None
 Ring of Flames           Chrm/Fire      ###.......   100%        7    #####..
 Venom Bolt               Conj/Pois      #####.....   11%         5    None
 Olgreb's Toxic Radiance  Pois           ###.....     24%         4    None
 Death's Door             Chrm/Necr      ###.......   100%        8    #######
 Summon Small Mammal      Summ           ###.         2%          1    None
 Bolt of Draining         Conj/Necr      #####.....   11%         5    None
 Fire Storm               Conj/Fire      #####.....   100%        9    #######
 Animate Skeleton         Necr           N/A          2%          1    None
 Call Imp                 Summ           ###.....     3%          2    None
 Dispel Undead            Necr           ###.....     54%         5    None
 Sting                    Conj/Pois      ####         1%          1    None
 Sublimation of Blood     Necr           ###.......   3%          2    None
 Tukima's Dance           Hex            ###.....     7%          3    None
 Recall                   Summ/Tloc      N/A          7%          3    None
 Agony                    Necr           ###.....     54%         5    None
 Death Channel            Necr           ###.......   98%         6    ####...
 Glaciate                 Conj/Ice       #######...   100%        9    #######
 Confusing Touch          Hex            ###...       2%          1    None
 Flame Tongue             Conj/Fire      #####        1%          1    None
 Metabolic Englaciation   Hex/Ice        #######...   1%          5    None
 Dispersal                Tloc           ###.......   98%         6    ####...
 Corona                   Hex            ###....      2%          1    None
 Simulacrum               Ice/Necr       #######...   10%         6    ####...
 Darkness                 Hex            ###.......   98%         6    ####...
 Shroud of Golubria       Chrm/Tloc      ###.......   3%          2    None
 Disjunction              Tloc           ###.......   100%        8    #######
 Fulminant Prism          Conj/Hex       #####.....   4%          4    None
 Dazzling Spray           Conj/Hex       #####.       1%          3    None
 Searing Ray              Conj           ######       1%          2    None
 Summon Guardian Golem    Hex/Summ       ###.....     7%          3    None
 Spellforged Servitor     Conj/Summ      #####.....   98%         7    #####..
 Poisonous Vapours        Pois/Air       ###...       3%          2    None


Dungeon Overview and Level Annotations

Branches:
Dungeon (15/15)            Temple (1/1) D:7            Lair (0/6) D:10
    Orc (2/2) D:10            Elf (0/3) Orc:2        Vaults (0/5) D:13
 Depths (1/5) D:15

Altars:
Ashenzari
Cheibriados
Dithmenos
Elyvilon
Fedhas
Gozag
Hepliaklqana
Kikubaaqudgha
Makhleb
Nemelex Xobeh
Okawaru
Qazlal
Ru
Sif Muna
Trog
Uskayaw
Vehumet
Wu Jian
Xom
Yredelemnul
Zin
The Shining One
Beogh

Shops:
D:9 (   D:11 ?   Orc:2 ([?*

Portals:
Pandemonium: Depths:1
Trove: D:12 (give +5 demon blade)


Innate Abilities, Weirdness & Mutations

Shadows flee at your approach. (+LOS)
You can swim through water.
You cover ground slowly.
You can hop long distances.


Message History

Casting: Throw Icicle (safe; 1% risk of failure)
Confirm with . or Enter, or press ? or * to list all spells.
Okay, then.
Casting: Throw Icicle (safe; 1% risk of failure)
Confirm with . or Enter, or press ? or * to list all spells.
You feel a surge of power! A chill wind blows around you.
You swap places.
Casting: Summon Ice Beast (safe; 1% risk of failure)
Confirm with . or Enter, or press ? or * to list all spells.
You feel a surge of power!
The heat is drained from your surroundings.
You resist.
You feel very cold. The monsters around you are frozen!
The white imp resists.
The white imp is heavily wounded.
The red very ugly thing is moderately wounded.
The cyan very ugly thing is severely wounded.
The cyan very ugly thing trunk-slaps your ice beast!
The cyan very ugly thing shocks your ice beast!!
Casting: Ozocubu's Refrigeration (safe; 1% risk of failure)
Confirm with . or Enter, or press ? or * to list all spells.
You feel a surge of power!
The heat is drained from your surroundings.
You resist.
You feel very cold.
* * * LOW HITPOINT WARNING * * *
The monsters around you are frozen!
The white imp resists.
The white imp is almost dead.
The red very ugly thing is severely wounded.
The cyan very ugly thing is almost dead.
Casting: Ozocubu's Refrigeration (safe; 1% risk of failure)
Confirm with . or Enter, or press ? or * to list all spells.
You feel a surge of power!
The heat is drained from your surroundings.
You resist.
You feel very cold.
* * * LOW HITPOINT WARNING * * *
The monsters around you are frozen!
The white imp resists.
You kill the white imp!
Sif Muna accepts your kill.
The red very ugly thing is almost dead.
You kill the cyan very ugly thing!
Sif Muna accepts your kill.
The green very ugly thing is lightly wounded.
Sif Muna grants you divine energy.
You briefly lose access to your magic!
The red very ugly thing engulfs your ice beast!
Your ice beast dies!
You regain access to your magic.
Casting: Ozocubu's Refrigeration (safe; 1% risk of failure)
Confirm with . or Enter, or press ? or * to list all spells.
You feel a surge of power!
The heat is drained from your surroundings.
You resist.
You feel very cold.
* * * LOW HITPOINT WARNING * * *
The red very ugly thing is frozen.
You kill the red very ugly thing!
Sif Muna accepts your kill.
Your life force feels restored.
Sif Muna grants you divine energy.
You briefly lose access to your magic!
You regain access to your magic.
The green very ugly thing punches you!!
* * * LOW HITPOINT WARNING * * *
You are lethally poisoned!
The green very ugly thing poisons you!
You die...

.........##?...4...##
#......####..W....######.
#....>.....[....5Wu...u..
#......##.#...V..§######.
#......##.######.........
####.........4u4.........
#.....4#############.#
#......###^..#
#.....†4##@..#
#......#.#...###
#..)..[..u>....#
#.....####...#.# #.....#
#...#.# #.....# #..)#.#
#.....# #.....####
####### #...#....# .#
#...#....# .#


You could see a green very ugly thing.

Vanquished Creatures
  Louise (D:14)
  A balrug (Depths:1)
  2 very ugly things (Depths:1)
  An ettin (D:15)
  4 hydras
  A rakshasa (Depths:1)
  A centaur warrior (D:13)
  An ogre mage (D:15)
  9 two-headed ogres
  2 dancing weapons (D:13)
  A deep troll shaman (Depths:1)
  A tengu warrior (D:15)
  A deep troll earth mage (Depths:1)
  A vampire mage (Depths:1)
  6 orc high priests
  A deep elf knight (D:15)
  4 deep trolls
  A torturous demonspawn (Depths:1)
  An unseen horror (D:13)
  11 orc knights
  3 deep elf magi
  A manticore (D:15)
  2 orc sorcerers (Orc:1)
  3 wolf spider zombies (D:15)
  3 cyclopes
  9 ugly things
  An elephant (D:10)
  An orange demon (Depths:1)
  2 smoke demons (Depths:1)
  A gargoyle (D:13)
  A komodo dragon (D:12)
  2 efreet
  A yaktaur (Depths:1)
  2 tengu conjurers
  3 ice devils (Depths:1)
  8 trolls
  15 slime creatures
  2 dream sheep (D:8)
  6 hippogriffs
  6 shadows
  2 vampires
  29 yaks
  A wraith (D:12)
  A water elemental (D:14)
  A basilisk (D:10)
  3 wargs
  2 hungry ghosts
  3 acid dragons (D:13)
  A water moccasin (D:10)
  A black bear (shapeshifter) (D:15)
  2 black bears
  46 orc warriors
  A slave (D:4)
  7 sky beasts
  3 ice beasts
  2 phantoms
  An eye of draining (D:12)
  17 centaurs
  9 ogres
  2 crocodiles
  4 big kobolds
  11 bullfrogs
  A water moccasin zombie (D:10)
  3 scorpions
  15 wights
  A howler monkey (D:11)
  13 crimson imps
  4 bullfrog zombies
  5 centaur zombies
  A gnoll shaman (D:7)
  4 quasits
  3 centaur skeletons
  3 hounds
  A jelly (D:11)
  37 orc priests
  A bullfrog skeleton (D:6)
  An iguana (D:7)
  5 worker ants
  Natasha (D:4)
  31 orc wizards
  4 big kobold zombies (Ossuary)
  3 hound zombies
  3 hound skeletons
  4 mummies (Ossuary)
  Robin (D:4)
  A worker ant zombie (D:6)
  11 gnolls
  15 adders
  3 river rats (D:3)
  2 shadow imps
  2 white imps (Depths:1)
  An adder skeleton (D:4)
  7 worms
  2 dart slugs (D:2)
  6 leopard geckos
  126 orcs
  A ball python (D:2)
  9 bats
  6 giant cockroaches
  19 goblins
  6 hobgoblins
  2 jackals (D:4)
  3 quokkas
  3 frilled lizards
  2 hobgoblin zombies (Ossuary)
  17 kobolds
  A leopard gecko zombie (D:5)
  A quokka skeleton (D:3)
  17 rats
680 creatures vanquished.

Vanquished Creatures (collateral kills)
  Pikel (D:4)
  A hungry ghost (D:7)
  6 wights
  An orc priest (Orc:1)
  5 orcs
14 creatures vanquished.

Vanquished Creatures (others)
  2 fungi (D:10)
  2 plants (D:10)
4 creatures vanquished.

Grand Total: 698 creatures vanquished

Notes
Turn   | Place    | Note
-------+----------+-------------------------------------------
     0 | D:1      | Amnesiac the Barachi Ice Elementalist began the quest for the Orb.
     0 | D:1      | Reached XP level 1. HP: 13/13 MP: 3/3
   112 | D:1      | Reached XP level 2. HP: 20/20 MP: 0/5
   349 | D:1      | Reached skill level 1 in Fighting
   530 | D:1      | Reached XP level 3. HP: 26/26 MP: 4/6
   535 | D:1      | Learned a level 3 spell: Ozocubu's Armour
   831 | D:2      | Reached skill level 4 in Ice Magic
  1032 | D:2      | Noticed a bullfrog
  1054 | D:1      | Killed a bullfrog
  1054 | D:1      | Reached XP level 4. HP: 7/33 MP: 0/7
  1054 | D:1      | Reached XP level 5. HP: 9/38 MP: 0/8
  1547 | D:2      | Learned a level 4 spell: Summon Ice Beast
  2253 | D:3      | Reached XP level 6. HP: 46/47 MP: 4/9
  2281 | D:3      | Reached skill level 5 in Dodging
  2281 | D:3      | Reached skill level 5 in Ice Magic
  2407 | D:3      | Found a glowing drain.
  2411 | Sewer    | Entered a sewer
  2456 | Sewer    | Noticed a spatial vortex
  3393 | D:4      | Found a glowing golden altar of the Shining One.
  3399 | D:4      | Found a blossoming altar of Fedhas.
  3402 | D:4      | Found a hazy altar of Hepliaklqana.
  3455 | D:4      | Reached XP level 7. HP: 50/53 MP: 7/10
  3599 | D:4      | Noticed Natasha
  3608 | D:4      | Killed Natasha
  3789 | D:4      | Noticed Robin
  3805 | D:4      | Killed Robin
  3894 | D:4      | Noticed Pikel
  3915 | D:4      | Killed Pikel
  3915 | D:4      | Reached skill level 5 in Fighting
  3915 | D:4      | Reached skill level 6 in Ice Magic
  3915 | D:4      | Reached XP level 8. HP: 52/62 MP: 2/11
  4322 | D:5      | Entered Level 5 of the Dungeon
  4721 | D:5      | Found a sparkling altar of Nemelex Xobeh.
  5298 | D:6      | Reached skill level 7 in Ice Magic
  5432 | D:6      | HP: 2/64 [wight/scimitar (7)]
  5740 | D:6      | Reached XP level 9. HP: 71/71 MP: 8/14
  6786 | D:7      | Reached skill level 10 in Dodging
  6815 | D:7      | Found a deep blue altar of Sif Muna.
  6867 | D:7      | Became a worshipper of Sif Muna the Loreminder
  6868 | D:7      | Reached * piety under Sif Muna
  6868 | D:7      | Reached ** piety under Sif Muna
  6868 | D:7      | Reached skill level 12 in Ice Magic
  6868 | D:7      | Reached XP level 10. HP: 79/79 MP: 15/21
  6912 | D:7      | Learned a level 4 spell: Throw Icicle
  6914 | D:7      | Learned a level 1 spell: Apportation
  7018 | D:7      | Found a stormy altar of Qazlal.
  7019 | D:7      | You fall through a shaft for 3 floors!
  7019 | D:10     | Entered Level 10 of the Dungeon
  7062 | D:9      | Found an ornate altar of the Wu Jian Council.
  7081 | D:9      | Found a sacrificial altar of Ru.
  7102 | D:8      | Reached *** piety under Sif Muna
  7106 | D:8      | Found a white marble altar of Elyvilon.
  7253 | D:8      | Reached skill level 1 in Shields
  7396 | D:8      | Noticed a two-headed ogre
  7400 | D:8      | Killed a two-headed ogre
  7456 | D:8      | Found a sand-covered staircase.
  7472 | D:8      | Reached XP level 11. HP: 32/84 MP: 5/22
  7632 | Ossuary  | Entered an ossuary
  8254 | D:7      | Found a staircase to the Ecumenical Temple.
  8494 | D:7      | Reached skill level 13 in Ice Magic
  8858 | Temple   | Entered the Ecumenical Temple
  9087 | D:8      | Noticed a two-headed ogre
  9089 | D:8      | Killed a two-headed ogre
  9457 | D:8      | Reached **** piety under Sif Muna
  9701 | D:8      | Noticed a two-headed hydra
  9705 | D:8      | Killed a one-headed hydra
  9738 | D:9      | Found Wyenugij's Weapon Boutique.
  9765 | D:9      | Noticed a two-headed ogre
  9770 | D:9      | Killed a two-headed ogre
  9770 | D:9      | Reached skill level 14 in Ice Magic
  9953 | D:9      | Got a polished scale mail
  9974 | D:9      | Identified the +1 scale mail "Kukiuw" {rC+ MR+ Int+3} (You found it on level 9 of the Dungeon)
 10950 | D:10     | Reached skill level 15 in Ice Magic
 10952 | D:10     | Reached XP level 12. HP: 88/91 MP: 11/25
 11013 | D:10     | Reached ***** piety under Sif Muna
 11178 | D:10     | Identified Sif Muna's Papyrus of Malediction and Augmentations (Sif Muna gifted it to you on level 10 of the Dungeon)
 11178 | D:10     | Received a gift from Sif Muna
 11183 | D:10     | Learned a level 2 spell: Ensorcelled Hibernation
 11602 | D:10     | Reached skill level 10 in Spellcasting
 11667 | D:10     | Found a staircase to the Lair.
 11770 | D:10     | Found a staircase to the Orcish Mines.
 12199 | Orc:1    | Entered Level 1 of the Orcish Mines
 12408 | Orc:1    | Reached skill level 1 in Invocations
 12618 | Orc:1    | Noticed an orc high priest
 12622 | Orc:1    | Killed an orc high priest
 12878 | Orc:2    | Entered Level 2 of the Orcish Mines
 13699 | Orc:2    | Reached skill level 5 in Invocations
 14636 | Orc:2    | Found a roughly hewn altar of Beogh.
 15607 | Orc:2    | Gained mutation: You can hop long distances. [Barachi growth]
 15607 | Orc:2    | Reached XP level 13. HP: 70/96 MP: 18/27
 16254 | Orc:2    | Identified Sif Muna's Handbook of Congealing Combat Magic (Sif Muna gifted it to you on level 2 of the Orcish Mines)
 16254 | Orc:2    | Received a gift from Sif Muna
 16254 | Orc:2    | Reached skill level 16 in Ice Magic
 16263 | Orc:2    | Learned a level 6 spell: Ozocubu's Refrigeration
 17131 | Orc:2    | Found Dunkiar's Antique Weapon Shoppe.
 17133 | Orc:2    | Found Ciatopas's Magic Scroll Shoppe.
 17133 | Orc:2    | Found Goschu's Antique Armour Emporium.
 17134 | Orc:2    | Found Ebluwk's General Store.
 17145 | Orc:2    | Bought a glowing helmet for 247 gold pieces
 17295 | Orc:2    | Found a staircase to the Elven Halls.
 18128 | D:11     | Found Barghah's Magic Scroll Shop.
 18143 | D:11     | Bought a scroll of brand weapon for 360 gold pieces
 18351 | D:12     | Found a portal to a secret trove of treasure.
 18357 | D:12     | Identified Sif Muna's Grimoire of Evil Orientation (Sif Muna gifted it to you on level 12 of the Dungeon)
 18357 | D:12     | Received a gift from Sif Muna
 18962 | D:12     | Reached XP level 14. HP: 103/103 MP: 26/31
 19002 | D:12     | Got an encrusted leather armour
 19186 | D:12     | Identified the +3 leather armour "Gacoew" {Str+4 SInv} (You found it on level 12 of the Dungeon)
 19900 | D:13     | Got a pitted dagger
 19901 | D:13     | Identified the cursed +0 dagger of Beogh's Hatred {drain, rPois rC+ Str+3 Int-3} (You found it on level 13 of the Dungeon)
 20225 | D:13     | Found a gate to the Vaults.
 20762 | D:14     | Noticed Louise
 20770 | D:14     | Killed Louise
 20770 | D:14     | Identified Sif Muna's Grimoire of Snow (Sif Muna gifted it to you on level 14 of the Dungeon)
 20770 | D:14     | Received a gift from Sif Muna
 20788 | D:14     | Learned a level 2 spell: Blink
 21661 | D:14     | Found a glowing golden altar of the Shining One.
 21966 | D:15     | Entered Level 15 of the Dungeon
 22022 | D:15     | Reached skill level 17 in Ice Magic
 22589 | D:15     | Reached skill level 15 in Spellcasting
 22741 | D:15     | Reached skill level 5 in Shields
 23027 | D:15     | Reached XP level 15. HP: 52/108 MP: 1/34
 23212 | D:15     | Found a staircase to the Depths.
 23219 | D:15     | Identified Sif Muna's Papyrus of Hurtful Good Luck (Sif Muna gifted it to you on level 15 of the Dungeon)
 23219 | D:15     | Received a gift from Sif Muna
 23265 | D:15     | Reached skill level 5 in Conjurations
 23591 | Depths:1 | Entered Level 1 of the Depths
 23869 | Depths:1 | Found a one-way gate leading to the halls of Pandemonium.
 23869 | Depths:1 | Noticed a balrug
 23873 | Depths:1 | Killed a balrug
 24780 | Depths:1 | Succumbed to a green very ugly thing's poison

Vault maps used:
D:1:      erik_arrival_orb_chamber, minmay_pentomino_r2
D:3:      gup_sewer_entry_spiral
D:4:      minitemple, uniq_pikel, uniq_robin, uniq_natasha
D:5:      kennysheep_mini_moat, first_ration, st_stairs_4,
          kennysheep_generic_room_13
D:6:      kennysheep_generic_room_2
D:7:      overflow_temple_1_default, temple_statues, basic_altar
D:8:      lemuel_crystal_altar, nicolae_ossuary_entry_ruins, hangedman_ranch,
          grunt_ministairs_14
D:9:      kennysheep_mini, basic_altar, serial_shops,
          nicolae_shop_competitors_out_of_business
D:10:     minmay_flawed_box, david_lair_generic, david_orc_4
D:11:     serial_shops, shop
D:12:     enter_trove_1
D:13:     cheibrodos_fzero, erik_vaults_1
D:14:     fountainhead, tso_metal_star, uniq_louise
D:15:     hangedman_depths_entry_civil_slaughter,
          hangedman_abyss_or_decor_clamps
Temple:   eino_wide_crystal_templ
Orc:2:    st_orc_pillars, basic_altar
Depths:1: enter_ziggurat_c, rand_demon_pan_entry_7, roderic_serpentine_path,
          hell_entry, minmay_fire_ice_demons
Sewer:    sewer_big_baddie
Ossuary:  ossuary_the_hunt_dpeg

Skill      XL: |  1  2  3  4  5  6  7  8  9 10 11 12 13 14 15 |
---------------+----------------------------------------------+-----
Fighting       | 1 2 3 5 6 7 |  7.3
Dodging        | 4 5 7 8 10 | 10.0
Ice Magic      | 4 5 6 7 12 15 16 17 | 17.5
Spellcasting   | 3 7 9 10 13 15 | 15.0
Shields        | 4 5 |  5.0
Invocations    | 7 8 |  8.0
Conjurations   | 2 8 |  8.7
Stealth        | |  1.7

Action                   |  1- 3 |  4- 6 |  7- 9 | 10-12 | 13-15 || total
-------------------------+-------+-------+-------+-------+-------++-------
Melee: Unarmed           |    18 |       |       |       |       ||    18
       Hunting sling     |       |       |       |     1 |       ||     1
       Hand axe          |       |       |       |     3 |       ||     3
       Dagger            |       |       |       |    13 |     3 ||    16
 Fire: Hunting sling     |    16 |   133 |   330 |   439 |   153 ||  1071
 Cast: Freeze            |    52 |    53 |    86 |   163 |    12 ||   366
       Summon Ice Beast  |       |     1 |     7 |     9 |     2 ||    19
       Ozocubu's Armour  |       |       |     5 |     4 |     9 ||    18
       Throw Icicle      |       |       |       |   201 |   272 ||   473
       Ozocubu's Refrige |       |       |       |       |    78 ||    78
Invok: Divine Energy     |       |       |       |     1 |       ||     1
       Channel Magic     |       |       |       |       |     2 ||     2
 Abil: Hop               |     1 |     1 |     1 |     3 |       ||     6
Evoke: Wand              |       |       |       |     5 |     3 ||     8
  Use: Scroll            |     1 |     9 |     9 |     3 |     6 ||    28
       Potion            |       |       |     2 |     1 |     3 ||     6
 Stab: Paralysed         |       |       |       |     7 |       ||     7
  Eat: Chunk             |     1 |     9 |    10 |    30 |    40 ||    90
       Ration            |       |       |     2 |     1 |     2 ||     5
Armor: Robe              |     6 |    11 |    76 |   105 |    48 ||   246
Dodge: Dodged            |    45 |    41 |   229 |   341 |   110 ||   766
Block: Buckler           |       |       |       |    97 |    48 ||   145

Table legend:
 A = Spawn XP
 B = Non-spawn XP
 C = Spawn XP percentage of total XP
 D = Spawn monster count
 E = Non-spawn monster count
 F = Spawn count percentage of total count
 G = Total turns spent on level
                    A         B        C        D         E        F      G
               +---------+---------+-------+---------+---------+-------+---------
         Total |       0 |  101518 |   0.0 |       0 |     693 |   0.0 | 24780
               +---------+---------+-------+---------+---------+-------+---------
           D:1 |       0 |     129 |   0.0 |       0 |      28 |   0.0 |   997
           D:2 |       0 |     135 |   0.0 |       0 |      29 |   0.0 |  1117
           D:3 |       0 |     160 |   0.0 |       0 |      27 |   0.0 |   916
           D:4 |       0 |     742 |   0.0 |       0 |      26 |   0.0 |  1096
           D:5 |       0 |     460 |   0.0 |       0 |      16 |   0.0 |   915
           D:6 |       0 |    1451 |   0.0 |       0 |      34 |   0.0 |  1222
           D:7 |       0 |    1203 |   0.0 |       0 |      28 |   0.0 |  1259
           D:8 |       0 |    5475 |   0.0 |       0 |      34 |   0.0 |  1532
           D:9 |       0 |    1899 |   0.0 |       0 |       9 |   0.0 |   820
          D:10 |       0 |    6447 |   0.0 |       0 |      60 |   0.0 |  2028
          D:11 |       0 |    5684 |   0.0 |       0 |      38 |   0.0 |   849
          D:12 |       0 |    6454 |   0.0 |       0 |      40 |   0.0 |   888
          D:13 |       0 |   10626 |   0.0 |       0 |      48 |   0.0 |  1487
          D:14 |       0 |    9188 |   0.0 |       0 |      29 |   0.0 |  1237
          D:15 |       0 |   15998 |   0.0 |       0 |      40 |   0.0 |  1625
         Orc:1 |       0 |    5847 |   0.0 |       0 |      45 |   0.0 |  1836
         Orc:2 |       0 |   15425 |   0.0 |       0 |     117 |   0.0 |  2975
      Depths:1 |       0 |   13854 |   0.0 |       0 |      27 |   0.0 |  1189
         Sewer |       0 |      90 |   0.0 |       0 |       6 |   0.0 |   196
       Ossuary |       0 |     251 |   0.0 |       0 |      12 |   0.0 |   538
               +---------+---------+-------+---------+---------+-------+---------
